 Dungeon Crawl Stone Soup version 0.29.1-15-g9cfb28693d (webtiles) character file.

Game seed: 16663553319663646249

3079 Heoruswealwe the Thaumaturge (level 9, -3/45 HPs)
             Began as a Deep Elf Earth Elementalist on Apr 25, 2023.
             Was a Believer of Vehumet.
             Slain by an orc warrior
             ... wielding a +0 hand axe
              (5 damage)
             ... in a bailey.
             The game lasted 00:58:44 (5118 turns).

Heoruswealwe the Thaumaturge (DEEE)                 Turns: 5118, Time: 00:58:45

Health: -3/45      AC:  8    Str:  5    XL:     9   Next: 58%
Magic:  27/27      EV: 17    Int: 25    God:    Vehumet [**....]
Gold:   502        SH:  0    Dex: 17    Spells: 23/33 levels left

rFire   . . .      SeeInvis .   a - staff of earth
rCold   . . .      Faith    .   (no shield)
rNeg    . . .      Spirit   .   c - +0 steam dragon scales
rPois   .          Reflect  .   (no helmet)
rElec   .          Harm     .   h - +1 cloak "Hoydoiw" {Dex+2}
rCorr   .          Rampage  .   (no gloves)
Will    .....                   e - +0 pair of boots
Stlth   ++........              (no amulet)
HPRegen 0.15/turn               k - +4 ring of evasion
MPRegen 0.20/turn               (no ring)

@: about to teleport, hasted, very quick
A: no striking features
a: Renounce Religion


You were in a bailey.
You worshipped Vehumet.
Vehumet was pleased with you.
You visited 2 branches of the dungeon, and saw 8 of its levels.
You also visited: Ossuary and Bailey.

You collected 606 gold pieces.
You spent 104 gold pieces at shops.

Inventory:

Hand Weapons
 b - a +5 battleaxe
Armour
 c - +0 steam dragon scales (worn)
 e - a +0 pair of boots (worn)
 h - the +1 cloak "Hoydoiw" (worn) {Dex+2}
   (You found it on level 2 of the Dungeon)

   Dex:       It affects your dexterity (+2).
Magical Staves
 a - a staff of earth (weapon)
 l - a staff of conjuration
Jewellery
 k - a +4 ring of evasion (left hand)
Wands
 p - a wand of iceblast (12)
 H - a wand of polymorph (9)
Scrolls
 i - 5 scrolls of teleportation
 j - a scroll of acquirement {unknown}
 s - 4 scrolls of enchant armour
 x - 2 scrolls of amnesia {unknown}
 y - 2 scrolls of enchant weapon {unknown}
 A - a scroll of vulnerability {unknown}
 C - a scroll of butterflies {unknown}
 G - a scroll of poison {unknown}
Potions
 d - a potion of flight
 g - 2 potions of ambrosia {unknown}
 n - 2 potions of degeneration {unknown}
 o - a potion of invisibility {unknown}
 q - a potion of cancellation {unknown}
 r - 4 potions of magic
 t - 2 potions of lignification {unknown}
 u - 3 potions of haste
 v - a potion of experience {unknown}
 w - 2 potions of resistance {unknown}
 z - 2 potions of berserk rage {unknown}
 B - 5 potions of heal wounds {unknown}
 D - a potion of attraction {unknown}
 E - a potion of mutation {unknown}
 F - a potion of might {unknown}
 I - 2 potions of brilliance {unknown}


   Skills:
 - Level 2.4 Dodging
 - Level 2.4 Stealth
 + Level 12.6 Spellcasting
 - Level 1.1 Transmutations
 + Level 10.9 Earth Magic


You had 23 spell levels left.
You knew the following spells:

 Your Spells              Type           Power      Damage    Failure   Level
a - Sandblast             Erth           100%       2d20      1%          1
b - Stone Arrow           Conj/Erth      100%       3d13      1%          3
c - Petrify               Tmut/Erth      62%        N/A       3%          4
z - Passwall              Tmut/Erth      51%        N/A       1%          2

Your spell library contained the following spells:

 Spells                   Type           Power      Damage    Failure   Level
 Magic Dart               Conj           60%        1d6       3%          1
 Ensorcelled Hibernation  Hex/Ice        30%        N/A       6%          2
 Static Discharge         Conj/Air       15%        3-5/arc   6%          2
 Spider Form              Tmut/Pois      18%        N/A       9%          3
 Ignite Poison            Fire/Tmut/Pois 17%        N/A       10%         3
 Frozen Ramparts          Ice            30%        1d5       12%         3
 Mephitic Cloud           Conj/Pois/Air  15%        N/A       12%         3
 Ice Form                 Ice/Tmut       18%        N/A       30%         4
 Anguish                  Hex/Necr       7%         N/A       36%         4
 Dispel Undead            Necr           15%        3d10      36%         4
 Sticky Flame             Conj/Fire      15%        2d4       36%         4
 Summon Ice Beast         Ice/Summ       15%        N/A       36%         4
 Freezing Cloud           Conj/Ice/Air   7%         6-21      71%         5


Dungeon Overview and Level Annotations

Branches:
Dungeon (7/15)             Temple (1/1) D:5         Ossuary (visited)
 Bailey (1/1)

Altars:
Ashenzari
Cheibriados
Dithmenos
Elyvilon
Gozag
Hepliaklqana
Kikubaaqudgha
Makhleb
Nemelex Xobeh
Okawaru
Qazlal
Ru
Sif Muna
Trog
Uskayaw
Vehumet
Wu Jian
Xom
Yredelemnul

Shops:
D:3 ?


Message History

There is an open gate here.
You close the gate.
You start resting.
Something unseen opens the gate.
You feel a surge of power!
The blast of sand hits the orc warlord but does no damage.
The orc warlord shouts!
As you read the scroll of teleportation, it crumbles to dust.
You feel strangely unstable.
The orc warlord attacks as you move away!
The orc warlord hits you with a +6 battleaxe!!
Ouch! That really hurt!
* * * LOW HITPOINT WARNING * * *
Your surroundings suddenly seem different. 3 goblins, an orc, a gnoll and an orc warrior come into view.
The orc warrior shouts!
The orc shouts!
The hobgoblin shouts! x2
The goblin shouts!
It was a potion of haste.
You feel yourself speed up.
You hear a shout! x2
An orc warrior comes into view. It is wielding a +0 war axe.
The goblin hits you with a +0 hand axe.
* * * LOW HITPOINT WARNING * * *
A goblin comes into view. It is wielding a +0 hand axe.
A hobgoblin comes into view. It is wielding a +0 hand axe.
The goblin hits you but does no damage.
You open the door. 2 orc warriors come into view.
An orc warrior comes into view. It is wielding a +0 war axe.
The orc warrior shouts! x2; You hear a shout!
The hobgoblin hits you with a +0 hand axe.
* * * LOW HITPOINT WARNING * * *
A hobgoblin comes into view. It is wielding a +0 hand axe.
There is an open door here.
The orc warrior shouts!
An orc comes into view. It is wielding a +0 hand axe.
The orc shouts!
As you read the scroll of teleportation, it crumbles to dust.
You feel strangely unstable.
The orc warrior hits you with a +0 hand axe.
You die...

......8#...... #...........'.
......8##..... #...........#.
......## .... ##.........##.
....###.## ...
##.###.....###♣♣
#.#+#.....###.###.....#'#.###
### ........###....g....###
.........#..........
.........#.o........
...⌠g...o#go@..⌠....
.....o..go.go.......
.....g...#..........
........###....o....
#.....### ###.....## ###.#
##.### # ##


You could see 4 orc warriors, a gnoll, 2 orcs, 2 hobgoblins and 2 goblins.

Vanquished Creatures
  2 steam dragons (D:6)
  2 sky beasts
  7 orc warriors
  2 ice beasts
  A black bear (D:5)
  An ogre (D:4)
  A centaur (D:5)
  A bullfrog (D:6)
  A kobold brigand (D:7)
  A necrophage (D:5)
  A scorpion (D:5)
  5 wights (D:7)
  A howler monkey (D:5)
  A crimson imp (D:5)
  Crazy Yiuf (D:3)
  2 gnoll boudas
  2 hounds
  2 jellies (D:6)
  3 orc priests
  Jessica (D:2)
  5 orc wizards
  9 mummies
  11 gnolls
  9 adders
  2 shadow imps
  A white imp (D:6)
  3 ufetubi
  2 worms
  3 dart slugs
  26 orcs
  8 endoplasms
  4 giant cockroaches
  16 goblins
  15 hobgoblins
  6 jackals
  3 quokkas
  9 ball pythons
  4 bats
  3 frilled lizards
  2 gnoll zombies (Ossuary)
  A hobgoblin zombie (Ossuary)
  10 kobolds
  3 kobold zombies (Ossuary)
  2 orc zombies (Ossuary)
  3 rats
198 creatures vanquished.

Vanquished Creatures (others)
  11 plants (D:5)
11 creatures vanquished.

Grand Total: 209 creatures vanquished

Notes
Turn   | Place    | Note
-------+----------+-------------------------------------------
     0 | D:1      | Heoruswealwe the Deep Elf Earth Elementalist began the
                  | quest for the Orb.
     0 | D:1      | Reached XP level 1. HP: 10/10 MP: 6/6
   167 | D:1      | Reached XP level 2. HP: 15/15 MP: 4/8
   170 | D:1      | Learned a level 2 spell: Passwall
   344 | D:1      | Reached skill level 4 in Spellcasting
   440 | D:1      | Reached XP level 3. HP: 19/19 MP: 8/10
   444 | D:1      | Learned a level 3 spell: Stone Arrow
   649 | D:2      | Identified the +1 cloak "Hoydoiw" {Dex+2}
   690 | D:2      | Noticed Jessica
   692 | D:2      | Killed Jessica
   706 | D:2      | Reached XP level 4. HP: 24/24 MP: 9/12
   711 | D:2      | Learned a level 4 spell: Petrify
   880 | D:2      | Found a shadowy altar of Dithmenos.
  1056 | D:2      | Reached skill level 5 in Spellcasting
  1299 | D:3      | Reached skill level 5 in Earth Magic
  1497 | D:3      | Reached XP level 5. HP: 28/28 MP: 12/14
  1994 | D:3      | Found Neddarenn's Magic Scroll Shop.
  2000 | D:3      | Bought a scroll of identify for 26 gold pieces
  2000 | D:3      | Bought a scroll of identify for 26 gold pieces
  2000 | D:3      | Bought a scroll of identify for 26 gold pieces
  2000 | D:3      | Bought a scroll of identify for 26 gold pieces
  2023 | D:3      | Found an ancient bone altar of Kikubaaqudgha.
  2104 | D:3      | Found a runed translucent door.
  2105 | D:3      | Noticed Crazy Yiuf
  2109 | D:3      | Killed Crazy Yiuf
  2407 | D:4      | Reached skill level 6 in Spellcasting
  2407 | D:4      | Noticed an ogre
  2412 | D:4      | Killed an ogre
  2413 | D:4      | Reached XP level 6. HP: 32/32 MP: 10/17
  2455 | D:4      | Reached skill level 7 in Spellcasting
  2891 | D:5      | Entered Level 5 of the Dungeon
  2915 | D:5      | Found a sand-covered staircase.
  2918 | D:5      | Reached XP level 7. HP: 36/36 MP: 16/19
  2935 | D:5      | Reached skill level 8 in Spellcasting
  3025 | Ossuary  | Entered an ossuary
  3479 | D:5      | Found a staircase to the Ecumenical Temple.
  3482 | D:5      | Reached skill level 9 in Spellcasting
  3514 | Temple   | Entered the Ecumenical Temple
  3729 | D:5      | Reached XP level 8. HP: 41/41 MP: 21/23
  3858 | D:5      | Found a burning altar of Makhleb.
  3858 | D:5      | Found a radiant altar of Vehumet.
  3868 | D:5      | Became a worshipper of Vehumet
  4182 | D:6      | Reached skill level 10 in Spellcasting
  4340 | D:6      | Found a bloodstained altar of Trog.
  4465 | D:6      | Reached skill level 11 in Spellcasting
  4583 | D:7      | Reached XP level 9. HP: 45/45 MP: 21/26
  4664 | D:7      | Reached skill level 10 in Earth Magic
  4714 | D:7      | Reached * piety under Vehumet
  4714 | D:7      | Offered knowledge of Foxfire by Vehumet.
  4831 | D:7      | Found a flagged portal.
  4836 | Bailey   | Entered a bailey
  4916 | Bailey   | Reached skill level 12 in Spellcasting
  5005 | Bailey   | Noticed an orc warlord
  5006 | Bailey   | Reached ** piety under Vehumet
  5006 | Bailey   | Offered knowledge of Magic Dart by Vehumet.
  5008 | Bailey   | Noticed an orc knight
  5111 | Bailey   | HP: 2/45 [goblin/+0 hand axe (2)]
  5118 | Bailey   | Slain by an orc warrior

Illustrated notes

Levels and vault maps discovered:
D:1:      enne_arrival_octagon_isle, layout_basic
D:2:      layout_loops_ring, basic_altar, uniq_jessica
D:3:      layout_loops_corners, lemuel_crystal_altar, serial_shops, shop,
          minmay_tree_intersection, nicolae_kite_square_tiling_tiny,
          uniq_crazy_yiuf_cottage
D:4:      layout_basic
D:5:      layout_cave_pools, grunt_temple_overflow_lords_of_destruction,
          minmay_temple_entry_enclosed_plants, gup_ossuary_entry_pyramid,
          nicolae_figureground_sparkle
D:6:      cheibrodos_steamvent, layout_gridville, kennysheep_little_box
D:7:      layout_basic, enter_bailey_1
Temple:   nicolae_temple_bog_church
Bailey:   bailey_axe_minmay_hex_keep, bailey

Skill      XL: |  1  2  3  4  5  6  7  8  9 |
---------------+----------------------------+-----
Spellcasting   | 4 5 6 7 9 11 12 | 12.6
Earth Magic    | 4 5 6 7 9 10 | 10.9
Dodging        | |  2.4
Stealth        | |  2.4
Transmutations | |  1.1

Action                   |  1- 3 |  4- 6 |  7- 9 || total
-------------------------+-------+-------+-------++-------
Melee: War axe           |       |       |    12 ||    12
       Staff             |       |       |     8 ||     8
       Punch             |       |       |     1 ||     1
 Cast: Sandblast         |    38 |    74 |   171 ||   283
       Passwall          |     1 |       |       ||     1
  Use: Scroll            |       |     9 |     5 ||    14
       Potion            |       |       |     6 ||     6
Armor: Robe              |     2 |     7 |     2 ||    11
       Steam dragon scal |       |       |     9 ||     9
Dodge: Dodged            |     3 |    14 |    48 ||    65
